 Dungeon Sprint DCSS version 0.27-a0-103-g6cd7b45605 (webtiles) character file.

Game seed: 7855815930636450235

614028 mhtbhm the Minotaur Barricade (level 22, -6/349 HPs)
             Began as a Minotaur Fighter on Jan 24, 2021.
             Was an Initiate of Gozag.
             Killed from afar by Antaeus (18 damage)
             ... with a flash freeze
             ... in the Dungeon (Sprint IX: "|||||||||||||||||||||||||||||").
             The game lasted 00:34:12 (14172 turns).

mhtbhm the Minotaur Barricade (Minotaur Fighter)   Turns: 14172, Time: 00:34:13

Health: -6/349     AC: 42    Str: 31    XL:     22   Next: 5%
Magic:  22/22      EV: 22    Int:  5    God:    Gozag
Gold:   3653       SH: 19    Dex: 11    Spells: 23/23 levels left

rFire    + + +     SeeInvis +   H - +9 double sword (holy)
rCold    + + .     Faith    +   c - +0 kite shield {reflect}
rNeg     + . .     Spirit   .   b - +15 Maxwell's patent armour {-Cast -Tele rElec Will+ rCorr}
rPois    +         Reflect  +   A - -2 hat of the Alchemist {rElec rPois rF+ rC+ rN+ Will+ rMut rCorr}
rElec    +         Harm     .   p - +0 cloak "Hiow Arr" {rF+ rC- rCorr}
rCorr    +         Rampage  .   L - +1 pair of gloves {archery}
rMut     +         NoTele   +   w - +0 pair of boots of Temperance {rElec Will+ Regen+}
Will     +++++     NoCast   +   x - amulet of Heaved {Faith rC++ Will+ Str-5 SInv}
Stlth    ..........             z - ring of protection from fire
HPRegen  1.08/turn              q - ring of Skepticism {Str+6 SInv Stlth-}
MPRegen  0.18/turn

@: mighty, brilliant, berserking, very quick
A: retaliatory headbutt, horns 2
}: 11/17 runes: decaying, serpentine, barnacled, slimy, elven, silver, golden,
obsidian, abyssal, dark, gossamer
a: Renounce Religion, Potion Petition, Call Merchant, Bribe Branch


You were in the Dungeon.
You worshipped Gozag.
Gozag was most pleased with you.
You visited 1 branch You collected 50850 gold pieces.
You spent 7583 gold pieces at shops.
You paid 39614 gold pieces to Gozag.

Inventory:

Hand Weapons
 i - a +9 demon whip of freezing
 H - a +9 double sword of holy wrath (weapon)
Missiles
 E - 6 atropa-tipped darts (quivered)
Armour
 b - the +15 Maxwell's patent armour (worn) {-Cast -Tele rElec Will+ rCorr}
   (You bought it in a shop in the Dungeon)

   It insulates you from electricity.
   It affects your willpower, your defense against some magical effects.
   It prevents spellcasting.
   It prevents most forms of teleportation.
   It provides partial protection from all sources of acid and corrosion.
 c - a +0 kite shield of reflection (worn)
 p - the +0 cloak "Hiow Arr" (worn) {rF+ rC- rCorr}
   (You found it in the Dungeon)

   It protects you from fire.
   It makes you vulnerable to cold.
   It provides partial protection from all sources of acid and corrosion.
 r - a +1 plate armour of cold resistance
 w - the +0 pair of boots of Temperance (worn) {rElec Will+ Regen+}
   (You bought it in a shop in the Dungeon)

   It insulates you from electricity.
   It affects your willpower, your defense against some magical effects.
   It increases your rate of regeneration.
 A - the -2 hat of the Alchemist (worn) {rElec rPois rF+ rC+ rN+ Will+ rMut rCorr}
   (You found it in the Dungeon)

   It protects you from fire.
   It protects you from cold.
   It insulates you from electricity.
   It protects you from poison.
   It protects you from negative energy.
   It affects your willpower, your defense against some magical effects.
   It provides partial protection from all sources of acid and corrosion.
   It protects you from mutation.
 L - a +1 pair of gloves of archery (worn)
Jewellery
 n - an uncursed ring of protection from cold
 q - the ring of Skepticism (right hand) {Str+6 SInv Stlth-}
   (You found it in the Dungeon)

   [ring of see invisible]

   It affects your strength (+6).
   It lets you see invisible.
   It makes you less stealthy.
 x - the amulet of Heaved (around neck) {Faith rC++ Will+ Str-5 SInv}
   (You bought it in a shop in the Dungeon)

   [amulet of faith]

   It allows you to gain divine favour quickly.
   It affects your strength (-5).
   It greatly protects you from cold.
   It affects your willpower, your defense against some magical effects.
   It lets you see invisible.
 z - a ring of protection from fire (left hand)
 B - an uncursed ring of positive energy
 I - the amulet of the Sky {Reflect MP+9 Int+2 Dex+2 SH+5}
   (You found it in the Dungeon)

   [amulet of reflection]

   It shields you and reflects attacks.
   It affects your intelligence (+2).
   It affects your dexterity (+2).
   It affects your magic capacity (+9).
   It affects your SH (+5).
Wands
 C - a wand of iceblast (12)
Scrolls
 j - 6 scrolls of blinking
 l - 7 scrolls of remove curse
 m - 2 scrolls of amnesia
 t - 6 scrolls of enchant armour
 u - 2 scrolls of enchant weapon
 v - 3 scrolls of fear
 y - 3 scrolls of fog
Potions
 a - a potion of berserk rage
 d - 7 potions of might
 e - 9 potions of curing
 f - 9 potions of heal wounds
 g - 8 potions of haste
 h - 9 potions of magic
 k - 2 potions of invisibility
 o - 3 potions of mutation
 s - 4 potions of brilliance
Miscellaneous
 D - the horn of Geryon
 F - a condenser vane (inert)


   Skills:
 O Level 27 Fighting
 + Level 14.6(21.4) Short Blades
 O Level 27 Long Blades
 + Level 15.7(24.2) Axes
 O Level 27 Maces & Flails
 + Level 15.2(19.7) Polearms
 + Level 15.2(24.0) Staves
 + Level 14.1(23.2) Slings
 + Level 14.1 Bows
 + Level 14.2 Crossbows
 O Level 27 Throwing
 O Level 27 Armour
 O Level 27 Dodging
 O Level 27 Stealth
 O Level 27 Shields
 - Level 1.8 Unarmed Combat
 - Level 1.0 Spellcasting
 - Level 1.1 Conjurations
 - Level 1.1 Hexes
 - Level 1.1 Summonings
 - Level 1.1 Necromancy
 - Level 1.1 Translocations
 - Level 1.2 Transmutations
 - Level 1.1 Fire Magic
 - Level 1.1 Ice Magic
 - Level 1.1 Air Magic
 - Level 1.2 Earth Magic
 - Level 1.1 Poison Magic
 - Level 1.6 Invocations
 O Level 27 Evocations


You had 23 spell levels left.
You didn't know any spells.
Your spell library was empty.

Dungeon Overview and Level Annotations

Branches:
Dungeon (1/1)

Altars:
Cheibriados
Dithmenos
Elyvilon
Fedhas
Gozag
Hepliaklqana
Kikubaaqudgha
Makhleb
Nemelex Xobeh
Okawaru
Qazlal
Ru
Sif Muna
Trog
Uskayaw
Vehumet
Wu Jian
Xom
Yredelemnul
Zin
The Shining One
Beogh
Jiyva
Lugonu

Shops:
D (*((*[((=(=*?*=![[*?=*(

Annotations:
D Antaeus, Ereshkigal, Lom Lobon, Mnoleg


Innate Abilities, Weirdness & Mutations

You reflexively headbutt those who attack you in melee.
You have a pair of horns on your head.


Message History

You slash Antaeus!
Antaeus convulses!
Your headbutt misses Antaeus.
Antaeus is severely wounded.
Unknown command.
You hit Antaeus but do no damage.
Antaeus is severely wounded.
You block Antaeus's attack. Antaeus closely misses you.
You hit Antaeus.
Antaeus convulses!
Antaeus is severely wounded.
The ice encasing you melts away.
Lom Lobon gestures.
Mnoleg gestures.
Ereshkigal calls on the powers of darkness!
Your body is wracked with pain!
* * * LOW HITPOINT WARNING * * *
A ball lightning comes into view.
You completely miss Antaeus. Your headbutt misses Antaeus.
Antaeus is severely wounded.
Antaeus gestures at you. The flash freeze hits you!! You partially resist.
You die...
Your body crumbles into a pile of gold.

*****▓▓▓▓▓▓▓▓▓▓▓▓▓▓▓▓▓▓▓▓▓▓▓▓
*,,,§*&&X&XC@φ..φ(...∩∩).'...
▓▓▓▓▓▓▓▓▓▓▓▓▓▓▓▓▓▓▓▓▓▓▓▓▓▓▓▓▓
▓............................
▓.▓▓▓▓▓▓▓▓▓▓▓▓▓▓▓▓▓▓▓▓▓▓▓▓▓▓▓
▓......'...........'.........
▓▓▓▓▓▓▓▓▓▓▓▓▓▓▓▓▓▓▓▓▓▓▓▓▓▓▓▓▓
▓............................
▓.▓▓▓▓▓▓▓▓▓▓▓▓▓▓▓▓▓▓▓▓▓▓▓▓▓▓▓
▓.....'...................'..


You could see Antaeus, Lom Lobon (gusty), Ereshkigal (fast), Mnoleg, 2 large
abominations and a ball lightning.

Vanquished Creatures
  Cerebov (D)
  the Royal Jelly (D)
  Asmodeus (D)
  Gloorx Vloq (D)
  Dispater (D)
  3 orbs of fire (D)
  Mara (D)
  6 ancient liches (D)
  5 royal mummies (D)
  Boris (D)
  Xtahua (D)
  Margery (D)
  Geryon (D)
  Nikola (D)
  A bone dragon (D)
  5 liches (D)
  4 electric golems (D)
  Rupert (D)
  3 tentacled monstrosities (D)
  4 deep elf blademasters (D)
  2 deep elf master archers (D)
  27 Orb Guardians (D)
  4 quicksilver dragons (D)
  12 acid blobs (D)
  15 sphinxes (D)
  A tentacled starspawn (D)
  3 death cobs (D)
  Kirke (D)
  Agnes (D)
  2 storm dragons (D)
  6 shadow dragons (D)
  Donald (D)
  3 fire giants (D)
  2 tengu reavers (D)
  Ilsuiw (D)
  7 nagarajas (D)
  3 azure jellies (D)
  A draconian knight (D)
  2 ghost moths (D)
  A fenstrider witch (D)
  A deep elf sorcerer (D)
  Aizul (D)
  3 draconian shifters (D)
  5 emperor scorpions (D)
  2 draconian scorchers (D)
  A draconian stormcaller (D)
  A spriggan defender (D)
  2 ironheart preservers (D)
  3 stone giants (D)
  7 vampire knights (D)
  7 green draconians (D)
  2 deep elf demonologists (D)
  A deep elf annihilator (D)
  A purple draconian (D)
  2 white draconians (D)
  A spark wasp (D)
  6 red draconians (D)
  2 yellow draconians (D)
  5 black draconians (D)
  A bunyip (D)
  Azrael (D)
  2 ettins (D)
  11 death oozes (D)
  2 deep elf death magi (D)
  6 merfolk impalers (D)
  2 yaktaur captains (D)
  3 merfolk javelineers (D)
  4 mummy priests (D)
  2 fire dragons (D)
  2 deep elf high priests (D)
  A crystal guardian (D)
  2 great orbs of eyes (D)
  25 vault guards (D)
  A boulder beetle (D)
  5 ice dragons (D)
  13 hydras (D)
  A centaur warrior (D)
  2 naga warriors (D)
  2 alligators (D)
  3 merfolk aquamancers (D)
  A death knight (D)
  2 deep troll earth magi (D)
  A tengu warrior (D)
  4 orc high priests (D)
  A spriggan berserker (D)
  4 hell knights (D)
  A deep elf knight (D)
  A wretched star (D)
  A salamander mystic (D)
  A sixfirhy (D)
  A sea snake (D)
  An unseen horror (D)
  2 starcursed masses (D)
  A glowing orange brain (D)
  2 wizards (D)
  5 swamp dragons (D)
  A flayed ghost (D)
  2 harpies (D)
  A naga ritualist (D)
  2 necromancers (D)
  12 orc knights (D)
  An orb spider (D)
  6 ironbrand convokers (D)
  A mana viper (D)
  A wolf spider (shapeshifter) (D)
  2 ugly things (D)
  6 wolf spiders (D)
  2 cyclopes (D)
  2 manticores (D)
  A deep elf mage (D)
  A will-o-the-wisp (D)
  12 moths of wrath (D)
  A rust devil (D)
  A black mamba (shapeshifter) (D)
  A smoke demon (D)
  A naga mage (D)
  4 black mambas (D)
  4 guardian serpents (D)
  4 vault sentinels (D)
  2 cane toads (D)
  A freezing wraith (D)
  A demonic crawler (D)
  4 komodo dragons (D)
  5 yaktaurs (D)
  A rime drake (D)
  19 guardian mummies (D)
  An ancient zyme (D)
  A wandering mushroom (D)
  2 hornets (D)
  4 trolls (D)
  5 polar bears (D)
  2 snapping turtles (D)
  A wind drake (D)
  2 slime creatures (D)
  2 jumping spiders (D)
  2 merfolk (D)
  A hornet (shapeshifter) (D)
  2 tarantellas (D)
  3 redbacks (D)
  A tarantella (shapeshifter) (D)
  13 spriggans (D)
  A wyvern (D)
  3 fire elementals (D)
  A wraith (D)
  A hog (D)
  4 golden eyes (D)
  Grum (D)
  A basilisk (D)
  A soldier ant (shapeshifter) (D)
  3 hell hounds (D)
  An acid dragon (D)
  2 nagas (D)
  A water moccasin (D)
  2 floating eyes (D)
  9 orc warriors (D)
  A swamp drake (D)
  4 black bears (D)
  6 wolves (D)
  A centaur (D)
  5 bullfrogs (D)
  A crimson imp (D)
  4 orc priests (D)
  An iron imp (D)
  6 orc wizards (D)
  A worker ant (D)
  An adder (D)
  2 adder zombies (D)
  A dart slug (D)
  7 orcs (D)
  A bat zombie (D)
  A giant cockroach (D)
  A ball python (D)
  A bat (D)
  A frilled lizard (D)
  A kobold (D)
  A leopard gecko skeleton (D)
  A quokka skeleton (D)
  A rat (D)
536 creatures vanquished.

Vanquished Creatures (others)
  3 foxfires (D)
  A starspawn tentacle (D)
4 creatures vanquished.

Grand Total: 540 creatures vanquished

Notes
Turn   | Place    | Note
-------+----------+-------------------------------------------
     0 | D        | mhtbhm the Minotaur Fighter began the quest for the Orb.
     0 | D        | Reached XP level 1. HP: 19/19 MP: 0/0
     4 | D        | Banished a spatial maelstrom
   122 | D        | Noticed a worker ant
   128 | D        | Reached XP level 2. HP: 28/28 MP: 1/1
   134 | D        | Reached skill level 5 in Fighting
   134 | D        | Reached skill level 5 in Armour
   134 | D        | Reached skill level 5 in Shields
   134 | D        | Reached XP level 3. HP: 30/36 MP: 2/2
   139 | D        | Found a roughly hewn altar of Beogh.
   139 | D        | Found a snail-covered altar of Cheibriados.
   139 | D        | Found a shadowy altar of Dithmenos.
   139 | D        | Found a white marble altar of Elyvilon.
   139 | D        | Found a blossoming altar of Fedhas.
   139 | D        | Found an opulent altar of Gozag.
   140 | D        | Found a hazy altar of Hepliaklqana.
   141 | D        | Found a viscous altar of Jiyva.
   142 | D        | Found an ancient bone altar of Kikubaaqudgha.
   143 | D        | Found a corrupted altar of Lugonu.
   144 | D        | Found a burning altar of Makhleb.
   145 | D        | Found a sparkling altar of Nemelex Xobeh.
   146 | D        | Found an iron altar of Okawaru.
   147 | D        | Found a stormy altar of Qazlal.
   148 | D        | Found a sacrificial altar of Ru.
   149 | D        | Found a shimmering blue altar of Sif Muna.
   150 | D        | Found a bloodstained altar of Trog.
   151 | D        | Found a hide-covered altar of Uskayaw.
   157 | D        | Became a worshipper of Gozag Ym Sagoz the Greedy
   163 | D        | Found a radiant altar of Vehumet.
   164 | D        | Found an ornate altar of the Wu Jian Council.
   165 | D        | Found a shimmering altar of Xom.
   166 | D        | Found a basalt altar of Yredelemnul.
   167 | D        | Found a glowing silver altar of Zin.
   168 | D        | Found a glowing golden altar of the Shining One.
   238 | D        | Noticed a black bear
   238 | D        | Noticed a centaur
   238 | D        | Noticed a troll
   238 | D        | Noticed a bullfrog
   239 | D        | Killed a bullfrog
   240 | D        | Reached XP level 4. HP: 41/45 MP: 3/3
   242 | D        | Killed a troll
   243 | D        | Reached XP level 5. HP: 49/56 MP: 4/4
   243 | D        | Reached XP level 6. HP: 55/62 MP: 5/5
   246 | D        | Reached skill level 10 in Shields
   318 | D        | Noticed a troll
   318 | D        | Noticed a basilisk
   318 | D        | Noticed a troll
   321 | D        | Reached XP level 7. HP: 71/71 MP: 6/6
   325 | D        | Killed a troll
   326 | D        | Reached skill level 10 in Fighting
   327 | D        | Killed a basilisk
   328 | D        | Reached skill level 10 in Armour
   336 | D        | Killed a troll
   337 | D        | Reached skill level 10 in Maces & Flails
   337 | D        | Reached XP level 8. HP: 16/81 MP: 7/7
   722 | D        | Noticed a cane toad
   722 | D        | Noticed a komodo dragon
   722 | D        | Noticed a komodo dragon
   726 | D        | Killed a komodo dragon
   727 | D        | Reached skill level 1 in Stealth
   733 | D        | Killed a komodo dragon
   736 | D        | Noticed a komodo dragon
   741 | D        | Killed a cane toad
   742 | D        | Reached skill level 5 in Dodging
   742 | D        | Reached XP level 9. HP: 56/90 MP: 8/8
   744 | D        | Reached skill level 1 in Evocations
   994 | D        | Killed a komodo dragon
  1110 | D        | Noticed a black mamba
  1110 | D        | Noticed a seven-headed hydra
  1110 | D        | Noticed a six-headed hydra
  1110 | D        | Noticed a rime drake
  1110 | D        | Noticed a cane toad
  1111 | D        | Noticed a seven-headed hydra
  1113 | D        | Noticed a five-headed hydra
  1115 | D        | Killed a cane toad
  1120 | D        | Killed a six-headed hydra
  1124 | D        | Killed a seven-headed hydra
  1125 | D        | Reached skill level 15 in Maces & Flails
  1125 | D        | Reached XP level 10. HP: 44/101 MP: 9/9
  1129 | D        | Killed a seven-headed hydra
  1129 | D        | Killed a five-headed hydra
  1129 | D        | Killed a black mamba
  1572 | D        | Reached XP level 11. HP: 94/110 MP: 10/10
  1930 | D        | Noticed an orc knight
  1937 | D        | Killed an orc knight
  1952 | D        | Noticed an ettin
  1953 | D        | Reached skill level 15 in Shields
  2259 | D        | Killed an ettin
  2313 | D        | Found Dyuff's Armour Boutique.
  2313 | D        | Noticed an orc knight
  2313 | D        | Noticed an orc knight
  2313 | D        | Noticed an orc high priest
  2313 | D        | Noticed an orc knight
  2313 | D        | Noticed an orc knight
  2313 | D        | Noticed an orc knight
  2315 | D        | Noticed an orc high priest
  2569 | D        | Killed an orc knight
  2570 | D        | Reached skill level 15 in Fighting
  2869 | D        | Killed an orc knight
  2915 | D        | Killed an orc high priest
  2942 | D        | Killed an orc knight
  3031 | D        | Killed an orc knight
  3140 | D        | Killed an orc knight
  3189 | D        | Killed an orc high priest
  3240 | D        | Noticed an orc knight
  3256 | D        | Killed an orc knight
  3320 | D        | Found Loaber's Antique Weapon Shop.
  3322 | D        | Noticed an orc knight
  3323 | D        | Found Wikuipyn's General Store.
  3325 | D        | Found Owneapebb's Antique Weapon Shop.
  3337 | D        | Killed an orc knight
  3350 | D        | Noticed an orc knight
  3351 | D        | Noticed an orc high priest
  3352 | D        | Noticed an orc high priest
  3353 | D        | Noticed an orc knight
  3369 | D        | Killed an orc knight
  3370 | D        | Killed an orc high priest
  3371 | D        | Reached XP level 12. HP: 49/123 MP: 11/11
  3384 | D        | Killed an orc high priest
  3385 | D        | Reached skill level 5 in Evocations
  3622 | D        | Bought a potion of heal wounds for 55 gold pieces
  3622 | D        | Bought a potion of invisibility for 88 gold pieces
  3637 | D        | Bought the +15 Maxwell's patent armour {-Cast -Tele rElec
                  | Will+ rCorr} for 1288 gold pieces
  3637 | D        | Found the +15 Maxwell's patent armour {-Cast -Tele rElec
                  | Will+ rCorr}
  3687 | D        | Noticed Grum
  3696 | D        | Killed Grum
  3778 | D        | Found the -2 hat of the Alchemist {rElec rPois rF+ rC+ rN+
                  | Will+ rMut rCorr}
  3858 | D        | Noticed a centaur warrior
  3861 | D        | Reached skill level 15 in Armour
  3873 | D        | Noticed an ice dragon
  3877 | D        | Killed a centaur warrior
  3881 | D        | Noticed an ice dragon
  3898 | D        | Killed an ice dragon
  3899 | D        | Reached skill level 5 in Stealth
  3910 | D        | Killed an ice dragon
  4036 | D        | Noticed Kirke
  4053 | D        | Killed Kirke
  4100 | D        | Noticed Rupert
  4126 | D        | Killed Rupert
  4212 | D        | Noticed a merfolk impaler
  4227 | D        | Killed a merfolk impaler
  4242 | D        | Reached XP level 13. HP: 98/135 MP: 8/12
  4523 | D        | Noticed a fenstrider witch
  4523 | D        | Noticed a bunyip
  4552 | D        | Killed a bunyip
  4558 | D        | Killed a fenstrider witch
  4703 | D        | Noticed a spark wasp
  4725 | D        | Killed a spark wasp
  4977 | D        | Noticed Aizul
  4991 | D        | Killed Aizul
  5069 | D        | Noticed Donald
  5086 | D        | Killed Donald
  5103 | D        | Bought a scroll of enchant weapon for 105 gold pieces
  5103 | D        | Bought a scroll of fog for 28 gold pieces
  5103 | D        | Bought a scroll of magic mapping for 49 gold pieces
  5103 | D        | Bought a scroll of identify for 28 gold pieces
  5136 | D        | Noticed a stone giant
  5136 | D        | Noticed a fire giant
  5136 | D        | Noticed a tengu reaver
  5141 | D        | Killed a tengu reaver
  5141 | D        | Noticed an ettin
  5148 | D        | Reached XP level 14. HP: 149/149 MP: 13/13
  5163 | D        | Killed a fire giant
  5170 | D        | Killed a stone giant
  5187 | D        | Reached skill level 10 in Dodging
  5267 | D        | Noticed a fire giant
  5268 | D        | Noticed a stone giant
  5275 | D        | Killed a fire giant
  5283 | D        | Killed a stone giant
  5631 | D        | Noticed an ironheart preserver
  5631 | D        | Noticed an ironheart preserver
  5642 | D        | Killed an ironheart preserver
  5652 | D        | Killed an ironheart preserver
  5723 | D        | Noticed a tentacled starspawn
  5737 | D        | Killed a tentacled starspawn
  5849 | D        | Noticed Azrael
  5874 | D        | Killed Azrael
  6070 | D        | Found the +8 glaive of the Guard {elec, spectral, AC+5}
  6097 | D        | Got the +0 cloak "Hiow Arr" {rF+ rC- rCorr}
  6159 | D        | Noticed Agnes
  6183 | D        | Killed Agnes
  6383 | D        | Noticed Margery
  6386 | D        | Reached XP level 15. HP: 163/163 MP: 14/14
  6406 | D        | Killed Margery
  6468 | D        | Noticed a nagaraja
  6468 | D        | Noticed a nagaraja
  6468 | D        | Noticed a nagaraja
  6468 | D        | Noticed a nagaraja
  6469 | D        | Noticed a nagaraja
  6476 | D        | Killed a nagaraja
  6477 | D        | Noticed a nagaraja
  6484 | D        | Killed a nagaraja
  6485 | D        | Noticed a nagaraja
  6497 | D        | Killed a nagaraja
  6501 | D        | Killed a nagaraja
  6508 | D        | Killed a nagaraja
  6528 | D        | Killed a nagaraja
  6534 | D        | Killed a nagaraja
  6551 | D        | Got a serpentine rune of Zot
  6881 | D        | Bought a crooked fluorescent wand for 136 gold pieces
  6881 | D        | Bought a condenser vane for 1360 gold pieces
  6881 | D        | Bought a scroll of fog for 68 gold pieces
  6881 | D        | Bought a scroll labelled ZUNIG QESOSH for 34 gold pieces
  6881 | D        | Bought a scroll of identify for 68 gold pieces
  6882 | D        | Acquired 826 gold pieces
  6926 | D        | Noticed Ilsuiw
  6948 | D        | Killed Ilsuiw
  7025 | D        | Got a barnacled rune of Zot
  7292 | D        | Reached skill level 10 in Stealth
  7341 | D        | Got a decaying rune of Zot
  7433 | D        | Reached skill level 27 in Shields
  7447 | D        | Reached XP level 16. HP: 122/180 MP: 0/15
  7469 | D        | Reached skill level 27 in Maces & Flails
  7511 | D        | Got a gossamer rune of Zot
  7675 | D        | Noticed Xtahua
  7686 | D        | Killed Xtahua
  7756 | D        | Reached skill level 27 in Fighting
  7828 | D        | Reached skill level 15 in Stealth
  7958 | D        | Noticed a sphinx
  7971 | D        | Killed a sphinx
  7975 | D        | Noticed a sphinx
  7976 | D        | Noticed a shadow dragon
  7979 | D        | Noticed a shadow dragon
  7986 | D        | Noticed a tengu reaver
  7987 | D        | Killed a sphinx
  7988 | D        | Reached skill level 1 in Throwing
  7991 | D        | Killed a tengu reaver
  7996 | D        | Killed a shadow dragon
  8005 | D        | Killed a shadow dragon
  8016 | D        | Got a bound crystal amulet
  8186 | D        | Noticed a shadow dragon
  8186 | D        | Noticed a lich
  8186 | D        | Noticed a shadow dragon
  8190 | D        | Reached skill level 5 in Throwing
  8191 | D        | Noticed an ancient lich
  8196 | D        | Noticed a shadow dragon
  8202 | D        | Killed a shadow dragon
  8206 | D        | Reached XP level 17. HP: 148/191 MP: 12/16
  8210 | D        | Killed a lich
  8215 | D        | Killed an ancient lich
  8228 | D        | Reached skill level 10 in Throwing
  8430 | D        | Got a silver rune of Zot
  8495 | D        | Noticed Boris
  8510 | D        | Killed Boris
  8740 | D        | Identified the amulet of the Sky {Reflect MP+9 Int+2 Dex+2
                  | SH+5} (You found it in the Dungeon)
  8787 | D        | Got the ring "Gussiti" {+Inv Dex+4 SInv}
  8789 | D        | Got the ring of Skepticism {Str+6 SInv Stlth-}
  8791 | D        | Got the amulet of Qecehap {rF+ Regen+ Str+3}
  8793 | D        | Got the ring of the Marlin {Str+3 Dex+5}
  8795 | D        | Got the ring of the Devil's Team {+Blink +Inv rPois rC+
                  | Slay-4}
  8798 | D        | Found the +7 sceptre of Torment {pain, torment}
  8894 | D        | Noticed Mara
  8918 | D        | Killed Mara
  8966 | D        | Noticed Nikola
  8978 | D        | Killed Nikola
  9004 | D        | Bought a scroll of enchant armour for 277 gold pieces
  9004 | D        | Bought 2 potions of haste for 740 gold pieces
  9022 | D        | Noticed a quicksilver dragon
  9031 | D        | Reached skill level 10 in Evocations
  9049 | D        | Killed a quicksilver dragon
  9050 | D        | Reached skill level 15 in Throwing
  9172 | D        | Noticed a bone dragon
  9211 | D        | Killed a bone dragon
  9212 | D        | Reached skill level 15 in Dodging
  9470 | D        | Noticed a quicksilver dragon
  9470 | D        | Noticed a tentacled monstrosity
  9492 | D        | Killed a tentacled monstrosity
  9514 | D        | Killed a quicksilver dragon
  9515 | D        | Reached XP level 18. HP: 177/200 MP: 17/17
  9645 | D        | Noticed a tentacled monstrosity
  9664 | D        | Killed a tentacled monstrosity
  9800 | D        | Reached skill level 27 in Armour
  9845 | D        | Noticed a tentacled monstrosity
  9847 | D        | Killed a tentacled monstrosity
 10212 | D        | Noticed an Orb Guardian
 10212 | D        | Noticed an Orb Guardian
 10212 | D        | Noticed an Orb Guardian
 10212 | D        | Noticed an Orb Guardian
 10212 | D        | Noticed an Orb Guardian
 10212 | D        | Noticed an Orb Guardian
 10213 | D        | Noticed an Orb Guardian
 10220 | D        | Killed an Orb Guardian
 10221 | D        | Noticed an Orb Guardian
 10226 | D        | Killed an Orb Guardian
 10229 | D        | Killed an Orb Guardian
 10230 | D        | Noticed an Orb Guardian
 10232 | D        | Killed an Orb Guardian
 10233 | D        | Noticed an Orb Guardian
 10241 | D        | Killed an Orb Guardian
 10252 | D        | Killed an Orb Guardian
 10255 | D        | Killed an Orb Guardian
 10257 | D        | Killed an Orb Guardian
 10262 | D        | Killed an Orb Guardian
 10265 | D        | Killed an Orb Guardian
 10387 | D        | Noticed an Orb Guardian
 10387 | D        | Noticed an Orb Guardian
 10388 | D        | Noticed an Orb Guardian
 10396 | D        | Killed an Orb Guardian
 10396 | D        | Noticed an Orb Guardian
 10397 | D        | Killed an Orb Guardian
 10397 | D        | Killed an Orb Guardian
 10399 | D        | Killed an Orb Guardian
 10717 | D        | Noticed an ancient lich
 10727 | D        | Killed an ancient lich
 10728 | D        | Reached XP level 19. HP: 203/207 MP: 18/18
 10744 | D        | Bought a potion of might for 176 gold pieces
 10744 | D        | Bought a potion of berserk rage for 220 gold pieces
 10746 | D        | Bought a scroll of blinking for 127 gold pieces
 10752 | D        | Bought a +1 plate armour of cold resistance for 560 gold
                  | pieces
 10760 | D        | Noticed an orb of fire
 10767 | D        | Killed an orb of fire
 10870 | D        | Noticed an electric golem
 10884 | D        | Killed an electric golem
 10937 | D        | Noticed an electric golem
 10937 | D        | Noticed an ancient lich
 10938 | D        | Noticed an orb of fire
 10939 | D        | Noticed an orb of fire
 10942 | D        | Killed an orb of fire
 10943 | D        | Reached skill level 27 in Throwing
 10943 | D        | Reached skill level 27 in Stealth
 10944 | D        | Killed an orb of fire
 10945 | D        | Killed an ancient lich
 10947 | D        | Killed an electric golem
 10968 | D        | Noticed an ancient lich
 10969 | D        | Noticed an electric golem
 10983 | D        | Killed an ancient lich
 10984 | D        | Reached skill level 15 in Evocations
 10997 | D        | Killed an electric golem
 10998 | D        | Noticed an electric golem
 11008 | D        | Killed an electric golem
 11171 | D        | Reached XP level 20. HP: 216/216 MP: 19/19
 11319 | D        | Noticed an ancient lich
 11319 | D        | Noticed an ancient lich
 11321 | D        | Killed an ancient lich
 11322 | D        | Reached skill level 27 in Long Blades
 11326 | D        | Killed an ancient lich
 11625 | D        | Bought the cursed +0 pair of boots of Temperance {rElec
                  | Will+ Regen+} for 485 gold pieces
 11640 | D        | Bought 2 potions of might for 136 gold pieces
 11640 | D        | Bought a potion of curing for 51 gold pieces
 11640 | D        | Bought a potion of curing for 51 gold pieces
 11640 | D        | Bought a potion of haste for 170 gold pieces
 11893 | D        | Got an elven rune of Zot
 11975 | D        | Noticed the Royal Jelly
 11988 | D        | Killed the Royal Jelly
 11989 | D        | Reached skill level 27 in Evocations
 12036 | D        | Paralysed by a floating eye for 4 turns
 12070 | D        | Got a slimy rune of Zot
 12218 | D        | Reached XP level 21. HP: 186/224 MP: 20/20
 12228 | D        | Reached skill level 27 in Dodging
 12233 | D        | Reached skill level 1 in Short Blades
 12233 | D        | Reached skill level 1 in Axes
 12233 | D        | Reached skill level 1 in Polearms
 12233 | D        | Reached skill level 1 in Staves
 12233 | D        | Reached skill level 1 in Slings
 12233 | D        | Reached skill level 1 in Bows
 12233 | D        | Reached skill level 1 in Crossbows
 12233 | D        | Reached skill level 1 in Unarmed Combat
 12233 | D        | Reached skill level 1 in Spellcasting
 12233 | D        | Reached skill level 1 in Conjurations
 12233 | D        | Reached skill level 1 in Hexes
 12233 | D        | Reached skill level 1 in Summonings
 12233 | D        | Reached skill level 1 in Necromancy
 12233 | D        | Reached skill level 1 in Translocations
 12233 | D        | Reached skill level 1 in Transmutations
 12233 | D        | Reached skill level 1 in Fire Magic
 12233 | D        | Reached skill level 1 in Ice Magic
 12233 | D        | Reached skill level 1 in Air Magic
 12233 | D        | Reached skill level 1 in Earth Magic
 12233 | D        | Reached skill level 1 in Poison Magic
 12233 | D        | Reached skill level 1 in Invocations
 12563 | D        | Reached skill level 5 in Axes
 12606 | D        | Reached skill level 5 in Polearms
 12619 | D        | Reached skill level 5 in Short Blades
 12619 | D        | Reached skill level 5 in Staves
 12633 | D        | Noticed a royal mummy
 12633 | D        | Noticed a royal mummy
 12633 | D        | Noticed a royal mummy
 12633 | D        | Noticed a royal mummy
 12643 | D        | Reached skill level 5 in Slings
 12643 | D        | Reached skill level 5 in Bows
 12643 | D        | Reached skill level 5 in Crossbows
 12643 | D        | Noticed a royal mummy
 12646 | D        | Killed a royal mummy
 12646 | D        | Killed a royal mummy
 12647 | D        | Killed a royal mummy
 12647 | D        | Killed a royal mummy
 12648 | D        | Killed a royal mummy
 12649 | D        | Reached skill level 10 in Axes
 12649 | D        | Reached skill level 10 in Polearms
 12649 | D        | Reached skill level 10 in Staves
 12658 | D        | Got a golden rune of Zot
 12954 | D        | Bought the amulet of Heaved {Faith rC++ Will+ Str-5 SInv}
                  | for 1212 gold pieces
 12990 | D        | Reached skill level 10 in Short Blades
 13011 | D        | Reached skill level 10 in Crossbows
 13016 | D        | Got an abyssal rune of Zot
 13164 | D        | Noticed Geryon
 13167 | D        | Killed Geryon
 13168 | D        | Reached skill level 10 in Slings
 13168 | D        | Reached skill level 10 in Bows
 13173 | D        | Noticed Gloorx Vloq
 13173 | D        | Identified the +7 sceptre of Asmodeus
 13173 | D        | Noticed Asmodeus
 13178 | D        | Identified the +4 staff of Dispater
 13178 | D        | Noticed Dispater
 13184 | D        | Identified the +6 sword of Cerebov {flame}
 13184 | D        | Noticed Cerebov
 13200 | D        | Killed Asmodeus
 13201 | D        | Killed Gloorx Vloq
 13492 | D        | Killed Dispater
 13895 | D        | Killed Cerebov
 13896 | D        | Reached skill level 15 in Axes
 13896 | D        | Reached skill level 15 in Polearms
 13896 | D        | Reached skill level 15 in Staves
 13896 | D        | Reached XP level 22. HP: 233/233 MP: 22/22
 14022 | D        | Got an obsidian rune of Zot
 14026 | D        | Got a dark rune of Zot
 14028 | D        | Noticed Antaeus
 14038 | D        | Bought 7 atropa-tipped darts for 71 gold pieces
 14145 | D        | Noticed Mnoleg
 14147 | D        | Noticed Lom Lobon
 14157 | D        | Noticed Ereshkigal
 14171 | D        | HP: 12/349 [??? (7)]
 14172 | D        | Killed from afar by Antaeus

Illustrated notes

Levels and vault maps discovered:
D:        linesprint [early_d, line_temple, items_1, d_10, items_2, lair_1,
          lair_end, items_3, orc_1, orc_end, items_4, d_15, swamp_1, shoals_1,
          snake_1, spider_1, d_20, vaults_1, items_5, swamp_end, shoals_end,
          snake_end, spider_end, vaults_end, d_27, items_6, zot_1, zot_end,
          crypt_end, forest_end, elf_end, slime_end, tomb_end, abyss_end,
          pan_hell_end]

Skill      XL: |  1  2  3  4  5  6  7  8  9 10 11 12 13 14 15 16 17 18 19 20 21 |
---------------+----------------------------------------------------------------+-----
Fighting       | 4 5 6 8 9 10 11 13 14 16 18 20 23 25 27 | 27.0
Armour         | 4 5 6 8 9 10 11 12 13 14 16 17 18 20 23 25 27 | 27.0
Shields        | 4 5 7 9 10 12 13 14 16 18 21 24 27 | 27.0
Maces & Flails | 3 4 6 7 10 12 15 16 18 20 22 24 26 27 | 27.0
Dodging        | 2 3 5 6 7 8 9 10 11 13 15 16 17 24 27 | 27.0
Stealth        | 1 3 4 6 7 9 10 18 22 26 27 | 27.0
Evocations     | 1 3 4 6 8 10 13 17 27 | 27.0
Throwing       | 6 18 25 27 | 27.0
Long Blades    | 25 27 | 27.0
Short Blades   | 14 | 14.6
Axes           | 15 | 15.7
Polearms       | 15 | 15.2
Staves         | 15 | 15.2
Slings         | 14 | 14.1
Bows           | 14 | 14.1
Crossbows      | 14 | 14.2
Unarmed Combat | 1 |  1.8
Spellcasting   | 1 |  1.0
Conjurations   | 1 |  1.1
Hexes          | 1 |  1.1
Summonings     | 1 |  1.1
Necromancy     | 1 |  1.1
Translocations | 1 |  1.1
Transmutations | 1 |  1.2
Fire Magic     | 1 |  1.1
Ice Magic      | 1 |  1.1
Air Magic      | 1 |  1.1
Earth Magic    | 1 |  1.2
Poison Magic   | 1 |  1.1
Invocations    | 1 |  1.6

Action                   |  1- 3 |  4- 6 |  7- 9 | 10-12 | 13-15 | 16-18 | 19-21 | 22-24 || total
-------------------------+-------+-------+-------+-------+-------+-------+-------+-------++-------
Melee: Flail             |    22 |       |       |       |       |       |       |       ||    22
       Headbutt          |     4 |     4 |    18 |    94 |   181 |   157 |    85 |     8 ||   551
       Morningstar       |     1 |    10 |    58 |   334 |   690 |   293 |       |       ||  1386
       Demon whip        |       |       |       |       |       |   190 |    74 |       ||   264
       Double sword      |       |       |       |       |       |       |   207 |    19 ||   226
Throw: Javelin           |       |       |       |       |       |    51 |    63 |       ||   114
       Dart              |       |       |       |       |       |       |       |     1 ||     1
Invok: Call Merchant     |       |       |       |     2 |     2 |     3 |    10 |     2 ||    19
       Potion Petition   |       |       |       |       |     2 |       |     3 |     1 ||     6
Evoke: Wand              |       |     1 |     2 |    14 |     1 |       |     2 |       ||    20
       Condenser vane    |       |       |       |       |     2 |     8 |    12 |     1 ||    23
  Use: Potion            |       |       |     1 |     2 |     1 |       |    10 |     3 ||    17
       Scroll            |       |       |       |     1 |     5 |     4 |    12 |       ||    22
 Stab: Distracted        |       |       |     1 |     2 |    14 |    11 |     6 |       ||    34
       Sleeping          |       |       |       |       |       |     2 |     7 |       ||     9
Armor: Scale mail        |     8 |     6 |    14 |    29 |       |       |       |       ||    57
       Plate armour      |       |       |       |    25 |   205 |   116 |    83 |     2 ||   431
Dodge: Dodged            |     4 |     2 |    30 |    91 |   142 |    72 |    72 |     2 ||   415
Block: Kite shield       |    13 |     7 |    32 |   161 |   381 |   233 |   193 |     2 ||  1022
       Reflection        |       |       |       |       |     6 |     4 |    10 |       ||    20
       Rpst.: Double sword |       |       |       |       |       |       |     7 |       ||     7

Table legend: (Time is in decaauts) A = Elapsed time spent in this place. B = Non-inter-level travel time spent in this place. C = Inter-level travel time spent in this place. D = Time resting spent in this place. E = Time spent auto-exploring this place. F = Levels seen in this place. G = Mean time per level. A B C D E F G +--------+--------+--------+--------+--------+-----+--------+ Total | 13545 | 13545 | 0 | 6727 | 1869 | 1 | 13545.0 | Dungeon | 13545 | 13545 | 0 | 6727 | 1869 | 1 | 13545.0 | +--------+--------+--------+--------+--------+-----+--------+

Top non-repeatable levels by time:
       D: 13545 daAuts
